 Dungeon Crawl Stone Soup version 0.28.0-53-g5a82cb258f (webtiles) character file.

Game seed: 1485637548291155135

7 LynnLen the Stinger (level 1, 0/7 HPs)
             Began as a Felid Venom Mage on Aug 2, 2022.
             Slain by a bat (1 damage)
             ... on level 1 of the Dungeon.
             The game lasted 00:00:56 (141 turns).

LynnLen the Stinger (Felid Venom Mage)               Turns: 141, Time: 00:00:57

Health: 0/7        AC:  1    Str:  4    XL:     1   Next: 83%
Magic:  1/4        EV: 17    Int: 16    God:
Gold:   12         SH:  0    Dex: 16    Spells: 3/4 levels left
                                        Lives:  0   Deaths: 0

rFire   . . .      SeeInvis +   (weapon unavailable)
rCold   . . .      Faith    .   (shield unavailable)
rNeg    . . .      Spirit   .   (armour unavailable)
rPois   .          Reflect  .   (helmet unavailable)
rElec   .          Harm     .   (cloak unavailable)
rCorr   .          Rampage  .   (gloves unavailable)
Will    .....                   (boots unavailable)
Stlth   ++........              (no amulet)
HPRegen 0.02/turn               (no ring)
MPRegen 0.09/turn               (no ring)

@: quick
A: very small, claws 1, fangs 3, see invisible, speed 1, shaggy fur 1, stealthy
paws, no weapons or thrown items, no armour, multi-lived
a: no special abilities


You were on level 1 of the Dungeon.
You visited 1 branch of the dungeon, and saw 1 of its levels.

You collected 12 gold pieces.

Inventory:

Potions
 a - a potion of heal wounds {unknown}
 b - a potion of brilliance {unknown}


   Skills:
 - Level 2.6 Dodging
 - Level 2.6 Stealth
 + Level 2.1 Spellcasting
 * Level 1.3 Transmutations
 + Level 3.0 Poison Magic


You had 3 spell levels left.
You knew the following spells:

 Your Spells              Type           Power      Damage    Failure   Level
a - Sting                 Tmut/Pois      32%        1d4       9%          1

Your spell library contained the following spells:

 Spells                   Type           Power      Damage    Failure   Level
 Poisonous Vapours        Pois/Air       12%        N/A       17%         2
 Mephitic Cloud           Conj/Pois/Air  4%         N/A       38%         3
 Olgreb's Toxic Radiance  Pois           11%        N/A       52%         4


Dungeon Overview and Level Annotations

Branches:
Dungeon (1/15)

Altars:

Shops:
D:1 (


Innate Abilities, Weirdness & Mutations

You have sharp claws.
You have razor-sharp teeth.
You have supernaturally acute eyesight. (SInv)
You cover ground quickly. (Speed+)
You are covered in fur. (AC +1)
Your paws help you pounce on unaware monsters.
You are incapable of wielding weapons or throwing items.
You cannot wear armour.
You gain extra lives every three experience levels.


Message History

A dart slug comes into view.
You see here an emerald potion.
b - an emerald potion A hobgoblin comes into view.
Aiming: Sting (safe; 9% risk of failure)
Press: ? - help, Q - select action Shift-Dir - straight line, f - dart slug
Aim: a dart slug (100% to hit)
The sting hits the dart slug.
The dart slug is poisoned.
The dart slug is heavily wounded.
The hobgoblin shouts!
You kill the dart slug!
Your Poison Magic skill increases to level 3!
A frilled lizard comes into view.
Aiming: Sting (safe; 9% risk of failure)
Press: ? - help, Q - select action Shift-Dir - straight line, f - hobgoblin
Aim: a hobgoblin (68% to hit)
The sting misses the hobgoblin.
The frilled lizard hisses angrily.
Aiming: Sting (safe; 9% risk of failure)
Press: ? - help, Q - select action Shift-Dir - straight line, f/p - hobgoblin
Aim: a hobgoblin (68% to hit)
The sting misses the hobgoblin.
A bat comes into view.
The hobgoblin closely misses you.
Aiming: Sting (safe; 9% risk of failure)
Press: ? - help, Q - select action Shift-Dir - straight line, f/p - hobgoblin
Aim: a hobgoblin (68% to hit)
The sting hits the hobgoblin.
The hobgoblin is poisoned.
The hobgoblin is moderately wounded.
The hobgoblin hits you.
Ouch! That really hurt!
The bat closely misses you. The bat hits you.
* * * LOW HITPOINT WARNING * * *
The bat closely misses you. The bat barely misses you.
The bat completely misses you.
The hobgoblin looks more healthy.
The bat hits you.
* * * LOW HITPOINT WARNING * * *
The bat hits you.
You die...

....l.......#
.#....###l#.#
...... #...#
....#. ##..#
...... #.g#
... # #..#
... #).# ..
#b.# ....#
#.# #@.#
....## ..
#.(# ...#
#.##.# ##..#
...# .....
#.##..# ...#
#..##.##..#
...#
#.>.......#
...#
###.#.##.##
...# #'# ##.#
...###### #.#
#.#


You could see a hobgoblin, a bat and a frilled lizard.

Vanquished Creatures
  A dart slug (D:1)
  A giant cockroach (D:1)
  A goblin (D:1)
  2 rats (D:1)
5 creatures vanquished.

Notes
Turn   | Place    | Note
-------+----------+-------------------------------------------
     0 | D:1      | LynnLen the Felid Venom Mage began the quest for the Orb.
     0 | D:1      | Reached XP level 1. HP: 7/7 MP: 4/4
    19 | D:1      | Found Weankirch's Antique Weapon Boutique.
   129 | D:1      | Reached skill level 3 in Poison Magic
   141 | D:1      | Slain by a bat

Illustrated notes

Levels and vault maps discovered:
D:1:      wander_arrival_peaceful_grave, layout_basic, serial_shops,
          nicolae_shop_hallway_plus

Skill      XL: |  1 |
---------------+----+-----
Poison Magic   | 3 |  3.0
Dodging        | |  2.6
Stealth        | |  2.6
Spellcasting   | |  2.1
Transmutations | |  1.3

Action                   || total
-------------------------++-------
 Cast: Sting             ||    10
Armor: Skin              ||     1
Dodge: Dodged            ||     7
